Demolitions vs Senators
(R2)
Created - 14 mai 2016 at 20:25
Goals
|
| Demolitions |
2 |
0 |
0 |
2 |
| Senators |
2 |
3 |
3 |
8 |
|
Shots
|
| Demolitions |
14 |
13 |
6 |
33 |
| Senators |
9 |
9 |
13 |
31 |
|
1st period
1. Senators , Sergei Kostitsyn 8 (Cody Hodgson, Erik Karlsson) at 7:14 (PP)
2. Demolitions , Darren Helm 6 (Ryan Vesce) at 10:17 (PP)
3. Senators , Vernon Fiddler 3 (Nikita Alexeev, Jack Skille) at 17:40
4. Demolitions , Nigel Dawes 4 (Darren Helm, Bobby Butler) at 19:27
Penalties :
Anssi Salmela (Vic) for Slashing (Minor) at 5:59, Patrick Wey (BIN) for Interference (Minor) at 10:06, Anton Babchuk (Vic) for Interference (Minor) at 10:40
2nd period
5. Senators , Steven Goertzen 1 (Sergei Kostitsyn, Cody Hodgson) at 6:30
6. Senators , Logan Stephenson 2 (Cody Hodgson, Sergei Kostitsyn) at 13:19
7. Senators , Milan Jurcina 3 (Vernon Fiddler, Erik Karlsson) at 18:18
Penalties :
Logan Stephenson (BIN) for Tripping (Minor) at 2:48, Anssi Salmela (Vic) for Hooking (Minor) at 8:26, Darren Helm (Vic) for Elbowing (Minor) at 13:22, Matt D'Agostini (Vic) for Boarding (Minor) at 16:42, Michal Grosek (BIN) for Cross-checking (Minor) at 17:35
3rd period
8. Senators , Michal Grosek 5 (Sergei Kostitsyn) at 2:09 (SH)
9. Senators , Vernon Fiddler 4 (Nikita Alexeev, Michal Grosek) at 9:23 (PP)
10. Senators , Vernon Fiddler 5 (Erik Karlsson) at 17:43 (SH)
Penalties :
Milan Jurcina (BIN) for Interference (Minor) at 0:27, Anton Babchuk (Vic) for Holding (Minor) at 4:52, Steven Goertzen (BIN) for Slashing (Minor) at 5:52, Nicolas Blanchard (Vic) for Interference (Minor) at 8:07, Martin Marincin (BIN) for Tripping (Minor) at 15:41, Logan Stephenson (BIN) for Hooking (Minor) at 16:19
Goalie Stats
Brent Krahn (Vic), 13 saves from 17 shots - (0,765), 26:41 minutes
Ray Emery (Vic), 10 saves from 14 shots - (0,714), L, 2-1-1, 33:19 minutes
Jonas Gustavsson (BIN), 31 saves from 33 shots - (0,939), W, 5-2-0, 60:00 minutes
Players Stats for Demolitions
Player Name G A P +/- PIM S H SB GA TA FO MP PP MP PK MP
------------------------------------------------------------------------------------
Alex Hutchings 0 0 0 0 0 0 0 0 0 0 0/0 1:08 0:19 0:49
Andrew Campbell 0 0 0 -1 0 0 0 2 0 1 0/0 7:41 0:00 0:50
Anssi Salmela 0 0 0 -1 4 2 0 2 0 0 0/0 18:22 3:01 3:08
Anton Babchuk 0 0 0 -3 4 2 4 3 0 3 0/0 27:05 5:38 3:37
Billy Sweat 0 0 0 0 0 2 0 0 0 0 0/1 9:29 0:00 0:00
Bobby Butler 0 1 1 -5 0 2 1 0 1 0 11/20 25:27 4:39 6:13
Cameron Schilling 0 0 0 -3 0 1 1 1 1 2 0/0 29:41 5:38 5:43
Chris Wideman 0 0 0 0 0 0 0 0 0 0 0/0 3:44 0:00 0:00
Corban Knight 0 0 0 -1 0 1 0 0 0 0 1/1 6:36 0:08 0:09
Darren Helm 1 1 2 -4 2 6 2 0 0 0 14/29 19:07 3:33 2:41
David Laliberté 0 0 0 0 0 1 1 0 0 0 0/1 11:15 0:27 1:16
David Rundblad 0 0 0 -1 0 1 2 0 0 0 0/0 19:41 3:01 4:32
Josh Beaulieu 0 0 0 -1 0 0 1 0 0 0 1/1 5:57 0:00 0:00
Konstantin Pushkarev 0 0 0 -1 0 3 1 0 0 0 0/0 5:57 0:00 0:00
Marek Zagrapan 0 0 0 1 0 1 1 0 0 0 7/13 14:12 3:41 0:00
Masi Marjamaki 0 0 0 0 0 0 0 0 0 0 0/0 0:38 0:19 0:00
Matt D'Agostini 0 0 0 1 2 2 0 0 1 0 0/0 14:45 4:15 0:00
Nick Pryor 0 0 0 0 0 0 0 0 0 1 0/0 2:52 0:00 2:52
Nicolas Blanchard 0 0 0 0 2 2 0 0 0 1 3/5 9:28 0:00 0:00
Nigel Dawes 1 0 1 1 0 5 0 3 0 0 1/1 18:01 3:41 3:21
Robert Bortuzzo 0 0 0 0 0 0 0 0 0 1 0/0 3:44 0:00 0:00
Ryan Vesce 0 1 1 -5 0 2 3 2 6 1 0/1 24:57 4:31 6:13
Seth Helgeson 0 0 0 -1 0 0 1 0 0 0 0/0 6:48 0:00 0:00
Taylor Aronson 0 0 0 0 0 0 0 0 0 0 0/0 0:52 0:24 0:00
Players Stats for Senators
Player Name G A P +/- PIM S H SB GA TA FO MP PP MP PK MP
------------------------------------------------------------------------------------
Cody Hodgson 0 3 3 1 0 3 4 0 2 0 7/11 14:34 4:37 0:00
Erik Karlsson 0 3 3 3 0 0 1 0 0 1 0/0 31:16 6:51 4:59
Gabriel Bourque 0 0 0 0 0 3 3 0 0 0 0/0 11:41 0:00 0:54
Jack Skille 0 1 1 0 0 0 1 1 0 1 0/0 10:47 0:00 0:00
Jaden Schwartz 0 0 0 0 0 0 0 0 0 0 0/0 5:54 0:00 0:00
Logan Stephenson 1 0 1 1 4 1 0 1 0 0 0/0 19:04 3:30 1:50
Mark Olver 0 0 0 0 0 2 1 0 1 0 3/5 10:47 0:00 0:00
Martin Marincin 0 0 0 3 2 0 0 2 0 1 0/0 11:12 0:00 2:06
Matt Frattin 0 0 0 0 0 1 1 0 1 0 0/0 7:21 0:00 1:22
Michal Grosek 1 1 2 2 2 3 0 1 1 0 0/2 19:06 5:43 1:25
Milan Jurcina 1 0 1 2 2 1 3 2 0 3 0/0 28:42 6:51 3:24
Nick Bjugstad 0 0 0 0 0 0 0 0 0 0 0/1 5:54 0:00 0:00
Nikita Alexeev 0 2 2 2 0 4 1 1 2 1 1/3 24:43 5:44 5:02
Patrick Wey 0 0 0 2 2 0 0 1 0 0 0/0 9:40 0:00 1:21
Sergei Kostitsyn 1 3 4 2 0 3 1 0 1 0 0/0 16:43 4:37 1:44
Shane Sims 0 0 0 0 0 2 1 1 1 1 0/0 20:43 3:30 3:40
Steven Goertzen 1 0 1 1 2 3 1 0 1 0 0/0 14:33 4:36 0:00
Vernon Fiddler 3 1 4 3 0 5 0 1 0 1 24/51 25:08 5:44 5:27
3 Stars
1 - Vernon Fiddler (BIN)
2 - Sergei Kostitsyn (BIN)
3 - Erik Karlsson (BIN)
Power Play
Demolitions - 1 on 7 Attempt(s) - 14,29%
Senators - 2 on 7 Attempt(s) - 28,57%
Penalty Kill
Demolitions - 5 on 7 Attempt(s) - 71,43%
- Score 0 goal in Penalty Kill
Senators - 6 on 7 Attempt(s) - 85,71%
- Score 2 goal in Penalty Kill
Team Stat
Demolitions - Hits : 18 - Faceoff Wins : 38 - Blocked Shots : 13 - Penalty Minutes : 14
Senators - Hits : 18 - Faceoff Wins : 35 - Blocked Shots : 11 - Penalty Minutes : 14
Official
Referees : Joannette Marc and Ciamaga Chris
Linesman : Tony Sericolo and Brian Murphy
Game Notes
Brent Krahn enters game at 13:19 of 2nd period
Vernon Fiddler has scored a Hat Trick!
Finance
Level 1 -- Attendance: 1959 (97,95%) -- Ticket Income 58 770 $
Level 2 -- Attendance: 1000 (100,00%) -- Ticket Income 10 000 $
Total Attendance: 2959 (98,63%)
Total Ticket Income: 68 770 $
Other Income: 3 438 $
Total Income: 72 208 $
Demolitions
5 vs 5 Forward
Center Left Wing Right Wing Time % Phy DF OF
1 Darren Helm Bobby Butler Ryan Vesce 40 1 2 2
2 Marek Zagrapan Nigel Dawes Matt D'Agostini 30 1 2 2
3 Nicolas Blanchard Billy Sweat David Laliberté 20 1 2 2
4 Corban Knight Josh Beaulieu Konstantin Pushkarev 10 1 2 2
5 vs 5 Defense
Defense Defense Time % Phy DF OF
1 Cameron Schilling Anton Babchuk 40 1 2 2
2 Anssi Salmela David Rundblad 30 1 2 2
3 Andrew Campbell Seth Helgeson 20 1 2 2
4 Robert Bortuzzo Chris Wideman 10 1 2 2
PowerPlay Forward
Center Left Wing Right Wing Time % Phy DF OF
1 Darren Helm Bobby Butler Ryan Vesce 60 1 2 2
2 Marek Zagrapan Nigel Dawes Matt D'Agostini 40 1 2 2
PowerPlay Defense
Defense Defense Time % Phy DF OF
1 Cameron Schilling Anton Babchuk 60 1 2 2
2 Anssi Salmela David Rundblad 40 1 2 2
Penalty Kill 4 Players Forward
Center Wing Time % Phy DF OF
1 Bobby Butler Ryan Vesce 60 1 2 2
2 Nigel Dawes Darren Helm 40 1 2 2
Penalty Kill 4 Players Defense
Defense Defense Time % Phy DF OF
1 Cameron Schilling Anton Babchuk 60 1 2 2
2 Anssi Salmela David Rundblad 40 1 2 2
Penalty Kill - 3 Players Forward
Forward Time % Phy DF OF
1 Bobby Butler 60 1 2 2
2 Ryan Vesce 40 1 2 2
Penalty Kill - 3 Players Defense
Defense Defense Time % Phy DF OF
1 Cameron Schilling Anton Babchuk 60 1 2 2
2 Anssi Salmela David Rundblad 40 1 2 2
4 vs 4 Forward
Center Wing Time % Phy DF OF
1 Bobby Butler Ryan Vesce 60 1 2 2
2 Nigel Dawes Darren Helm 40 1 2 2
4 vs 4 Defense
Defense Defense Time % Phy DF OF
1 Cameron Schilling Anton Babchuk 60 1 2 2
2 Anssi Salmela David Rundblad 40 1 2 2
Last Minutes Offensive
Center Left Wing Right Wing Defense Defense
Darren Helm Bobby Butler Ryan Vesce Cameron Schilling Anton Babchuk
Last Minutes Defensive
Center Left Wing Right Wing Defense Defense
Darren Helm Bobby Butler Ryan Vesce Cameron Schilling Anton Babchuk
Goaltenders
Starting : Ray Emery
Backup : Brent Krahn
Extra Forwards
Normal : Masi Marjamaki, Alex Hutchings, David Laliberté - PP : Masi Marjamaki, Alex Hutchings - PK : David Laliberté
Extra Defensemen
Normal : Taylor Aronson, Nick Pryor, Andrew Campbell - PP : Taylor Aronson - PK : Nick Pryor, Andrew Campbell
Penalty Shots
Bobby Butler, Ryan Vesce, Nigel Dawes, Darren Helm, Matt D'Agostini
Senators
5 vs 5 Forward
Center Left Wing Right Wing Time % Phy DF OF
1 Vernon Fiddler Michal Grosek Nikita Alexeev 40 1 2 2
2 Cody Hodgson Sergei Kostitsyn Steven Goertzen 30 1 2 2
3 Mark Olver Gabriel Bourque Jack Skille 20 1 2 2
4 Nick Bjugstad Jaden Schwartz Matt Frattin 10 1 2 2
5 vs 5 Defense
Defense Defense Time % Phy DF OF
1 Milan Jurcina Erik Karlsson 40 1 2 2
2 Logan Stephenson Shane Sims 30 1 2 2
3 Patrick Wey Martin Marincin 20 1 2 2
4 Milan Jurcina Erik Karlsson 10 1 2 2
PowerPlay Forward
Center Left Wing Right Wing Time % Phy DF OF
1 Vernon Fiddler Michal Grosek Nikita Alexeev 60 0 2 3
2 Cody Hodgson Sergei Kostitsyn Steven Goertzen 40 0 2 3
PowerPlay Defense
Defense Defense Time % Phy DF OF
1 Milan Jurcina Erik Karlsson 60 1 2 2
2 Logan Stephenson Shane Sims 40 1 2 2
Penalty Kill 4 Players Forward
Center Wing Time % Phy DF OF
1 Vernon Fiddler Nikita Alexeev 60 0 3 2
2 Michal Grosek Sergei Kostitsyn 40 0 3 2
Penalty Kill 4 Players Defense
Defense Defense Time % Phy DF OF
1 Milan Jurcina Erik Karlsson 60 1 2 2
2 Logan Stephenson Shane Sims 40 1 2 2
Penalty Kill - 3 Players Forward
Forward Time % Phy DF OF
1 Vernon Fiddler 60 0 3 2
2 Nikita Alexeev 40 0 3 2
Penalty Kill - 3 Players Defense
Defense Defense Time % Phy DF OF
1 Milan Jurcina Erik Karlsson 60 1 2 2
2 Logan Stephenson Shane Sims 40 1 2 2
4 vs 4 Forward
Center Wing Time % Phy DF OF
1 Vernon Fiddler Nikita Alexeev 60 1 2 2
2 Michal Grosek Sergei Kostitsyn 40 1 2 2
4 vs 4 Defense
Defense Defense Time % Phy DF OF
1 Milan Jurcina Erik Karlsson 60 1 2 2
2 Logan Stephenson Shane Sims 40 1 2 2
Last Minutes Offensive
Center Left Wing Right Wing Defense Defense
Vernon Fiddler Michal Grosek Nikita Alexeev Milan Jurcina Erik Karlsson
Last Minutes Defensive
Center Left Wing Right Wing Defense Defense
Vernon Fiddler Michal Grosek Nikita Alexeev Milan Jurcina Erik Karlsson
Goaltenders
Starting : Jonas Gustavsson
Backup : Alexander Salak
Extra Forwards
Normal : Jack Skille, Mark Olver, Matt Frattin - PP : Jack Skille, Mark Olver - PK : Matt Frattin
Extra Defensemen
Normal : Patrick Wey, Martin Marincin, Logan Stephenson - PP : Patrick Wey - PK : Martin Marincin, Logan Stephenson
Penalty Shots
Vernon Fiddler, Nikita Alexeev, Michal Grosek, Sergei Kostitsyn, Steven Goertzen
% Time on Ice - Demolitions
Lines # - Real PCT - Wanted PCT - Time Play
Normal Forward
1 - 33% - 40% - 12:48
2 - 27% - 30% - 10:41
3 - 24% - 20% - 9:29
4 - 15% - 10% - 5:57
Normal Defense
1 - 43% - 40% - 16:46
2 - 30% - 30% - 11:37
3 - 17% - 20% - 6:48
4 - 10% - 10% - 3:44
PP Forward
1 - 57% - 60% - 4:58
2 - 43% - 40% - 3:41
PP Defense
1 - 65% - 60% - 5:38
2 - 35% - 40% - 3:01
PK Forward
1 - 68% - 60% - 7:00
2 - 32% - 40% - 3:21
PK Defense
1 - 56% - 60% - 5:49
2 - 44% - 40% - 4:32
PK3 Forward
1 - 0% - 60%
2 - 0% - 40%
PK3 Defense
1 - 0% - 60%
2 - 0% - 40%
44 Forward
1 - 86% - 60% - 1:47
2 - 14% - 40% - 0:18
44 Defense
1 - 75% - 60% - 1:34
2 - 25% - 40% - 0:31
Last Minute Offensive - 0:00
Last Minute Defensive - 0:00
Total
Forward - 60:00
Defense - 60:00
|
% Time on Ice - Senators
Lines # - Real PCT - Wanted PCT - Time Play
Normal Forward
1 - 31% - 40% - 12:12
2 - 26% - 30% - 10:02
3 - 28% - 20% - 10:47
4 - 15% - 10% - 5:54
Normal Defense
1 - 43% - 40% - 16:40
2 - 34% - 30% - 13:11
3 - 21% - 20% - 8:01
4 - 3% - 10% - 1:03
PP Forward
1 - 55% - 60% - 5:44
2 - 45% - 40% - 4:37
PP Defense
1 - 66% - 60% - 6:51
2 - 34% - 40% - 3:30
PK Forward
1 - 76% - 60% - 5:34
2 - 24% - 40% - 1:44
PK Defense
1 - 60% - 60% - 4:21
2 - 40% - 40% - 2:57
PK3 Forward
1 - 69% - 60% - 0:56
2 - 31% - 40% - 0:25
PK3 Defense
1 - 47% - 60% - 0:38
2 - 53% - 40% - 0:43
44 Forward
1 - 84% - 60% - 1:45
2 - 16% - 40% - 0:20
44 Defense
1 - 82% - 60% - 1:43
2 - 18% - 40% - 0:22
Last Minute Offensive - 0:00
Last Minute Defensive - 0:00
Total
Forward - 60:00
Defense - 60:00
|
Play by Play
1st period
0:01 of 1st period - Vernon Fiddler wins face-off versus Darren Helm in neutral zone.
0:26 of 1st period - Sergei Kostitsyn is hit by Anton Babchuk and loses puck.
0:31 of 1st period - Slapshot by Nigel Dawes.
0:31 of 1st period - Stopped by Jonas Gustavsson without a rebound.
0:32 of 1st period - Marek Zagrapan wins face-off versus Mark Olver in Senators zone.
0:41 of 1st period - Wrist shot by Gabriel Bourque.
0:41 of 1st period - Stopped by Ray Emery without a rebound.
0:42 of 1st period - Mark Olver wins face-off versus Nicolas Blanchard in Demolitions zone.
1:36 of 1st period - Icing by Bobby Butler.
1:37 of 1st period - Darren Helm wins face-off versus Nick Bjugstad in Demolitions zone.
2:47 of 1st period - Backhand shot by Konstantin Pushkarev.
2:47 of 1st period - Stopped by Jonas Gustavsson with a rebound.
2:49 of 1st period - Snap shot by Corban Knight.
2:49 of 1st period - Stopped by Jonas Gustavsson without a rebound.
2:50 of 1st period - Mark Olver wins face-off versus Marek Zagrapan in Senators zone.
3:17 of 1st period - Nigel Dawes is hit by Jack Skille.
3:23 of 1st period - Wrist shot by Gabriel Bourque.
3:23 of 1st period - Stopped by Ray Emery with a rebound.
3:25 of 1st period - Slapshot by Shane Sims.
3:25 of 1st period - Shot Blocked by Nigel Dawes.
3:31 of 1st period - Snap shot by Gabriel Bourque.
3:31 of 1st period - Stopped by Ray Emery with a rebound.
3:33 of 1st period - Slapshot by Mark Olver.
3:33 of 1st period - Shot Blocked by Nigel Dawes.
3:35 of 1st period - Backhand shot by Shane Sims.
3:35 of 1st period - Stopped by Ray Emery with a rebound.
3:57 of 1st period - Matt D'Agostini is hit by Mark Olver and loses puck.
4:18 of 1st period - Snap shot by Nigel Dawes.
4:18 of 1st period - Shot Misses the Net.
4:20 of 1st period - Slapshot by Nigel Dawes.
4:20 of 1st period - Shot Blocked by Milan Jurcina.
4:22 of 1st period - Snap shot by Nigel Dawes.
4:22 of 1st period - Stopped by Jonas Gustavsson with a rebound.
4:26 of 1st period - Wrist shot by Nigel Dawes.
4:26 of 1st period - Stopped by Jonas Gustavsson with a rebound.
4:28 of 1st period - Snap shot by Matt D'Agostini.
4:28 of 1st period - Shot Blocked by Jack Skille.
4:30 of 1st period - Snap shot by Marek Zagrapan.
4:30 of 1st period - Stopped by Jonas Gustavsson with a rebound.
4:34 of 1st period - Wrist shot by Nigel Dawes.
4:34 of 1st period - Deflect By Marek Zagrapan.
4:34 of 1st period - Deflect By Milan Jurcina.
4:34 of 1st period - Shot Misses the Net.
4:34 of 1st period - Puck is out of play.
4:35 of 1st period - Vernon Fiddler wins face-off versus Darren Helm in Senators zone.
4:35 of 1st period - Vernon Fiddler is hit by Ryan Vesce.
5:01 of 1st period - Darren Helm is hit by Matt Frattin and loses puck.
5:32 of 1st period - Snap shot by David Laliberté.
5:32 of 1st period - Stopped by Jonas Gustavsson without a rebound.
5:33 of 1st period - Josh Beaulieu wins face-off versus Vernon Fiddler in Senators zone.
5:34 of 1st period - Backhand shot by Konstantin Pushkarev.
5:34 of 1st period - Stopped by Jonas Gustavsson with a rebound.
5:36 of 1st period - Slapshot by Anssi Salmela.
5:36 of 1st period - Shot Misses the Net.
5:48 of 1st period - Slapshot by Nikita Alexeev.
5:48 of 1st period - Deflect By Michal Grosek.
5:48 of 1st period - Shot Misses the Net.
5:48 of 1st period - Puck is out of play.
5:49 of 1st period - Cody Hodgson wins face-off versus Billy Sweat in Demolitions zone.
5:50 of 1st period - Snap shot by Sergei Kostitsyn.
5:50 of 1st period - Deflect By Cody Hodgson.
5:50 of 1st period - Stopped by Ray Emery with a rebound.
5:59 of 1st period - Minor Penalty to Anssi Salmela for Slashing.
6:00 of 1st period - Bobby Butler wins face-off versus Vernon Fiddler in Demolitions zone.
6:34 of 1st period - Icing by Cody Hodgson.
6:35 of 1st period - Cody Hodgson wins face-off versus Bobby Butler in Senators zone.
6:56 of 1st period - Slapshot by Erik Karlsson.
6:56 of 1st period - Shot Misses the Net.
7:12 of 1st period - Slapshot by Sergei Kostitsyn.
7:12 of 1st period - Shot Misses the Net.
7:14 of 1st period - Snap shot by Sergei Kostitsyn.
7:14 of 1st period - Goal by Sergei Kostitsyn - Demolitions : 0 - Senators : 1.
7:15 of 1st period - Nicolas Blanchard wins face-off versus Nikita Alexeev in neutral zone.
8:05 of 1st period - Steven Goertzen is hit by Josh Beaulieu and loses puck.
9:14 of 1st period - Slapshot by Bobby Butler.
9:14 of 1st period - Shot Misses the Net.
9:30 of 1st period - Konstantin Pushkarev is hit by Cody Hodgson and loses puck.
9:47 of 1st period - Wrist shot by Sergei Kostitsyn.
9:47 of 1st period - Stopped by Ray Emery without a rebound.
9:48 of 1st period - Vernon Fiddler wins face-off versus Marek Zagrapan in Demolitions zone.
9:53 of 1st period - Snap shot by Nikita Alexeev.
9:53 of 1st period - Shot Misses the Net.
10:06 of 1st period - Minor Penalty to Patrick Wey for Interference.
10:07 of 1st period - Vernon Fiddler wins face-off versus Darren Helm in Senators zone.
10:17 of 1st period - Slapshot by Darren Helm.
10:17 of 1st period - Goal by Darren Helm - Demolitions : 1 - Senators : 1.
10:18 of 1st period - Vernon Fiddler wins face-off versus Ryan Vesce in neutral zone.
10:23 of 1st period - Wrist shot by Nikita Alexeev.
10:23 of 1st period - Deflect By Vernon Fiddler.
10:23 of 1st period - Shot Hit the Post.
10:23 of 1st period - Puck is out of play.
10:24 of 1st period - Vernon Fiddler wins face-off versus Darren Helm in Demolitions zone.
10:40 of 1st period - Minor Penalty to Anton Babchuk for Interference.
10:41 of 1st period - Vernon Fiddler wins face-off versus Bobby Butler in Demolitions zone.
10:43 of 1st period - Wrist shot by Michal Grosek.
10:43 of 1st period - Shot Misses the Net.
11:30 of 1st period - Vernon Fiddler is hit by David Rundblad.
11:49 of 1st period - David Rundblad is hit by Steven Goertzen and loses puck.
12:40 of 1st period - Penalty to Anton Babchuk is over, Anton Babchuk is back on ice.
12:58 of 1st period - Snap shot by Konstantin Pushkarev.
12:58 of 1st period - Shot Blocked by Logan Stephenson.
13:43 of 1st period - Jaden Schwartz is hit by Darren Helm and loses puck.
14:06 of 1st period - Gabriel Bourque is hit by David Rundblad and loses puck.
15:38 of 1st period - Slapshot by Matt D'Agostini.
15:38 of 1st period - Shot Misses the Net.
16:13 of 1st period - Wrist shot by Nicolas Blanchard.
16:13 of 1st period - Stopped by Jonas Gustavsson without a rebound.
16:14 of 1st period - Darren Helm wins face-off versus Mark Olver in Senators zone.
16:27 of 1st period - Snap shot by Darren Helm.
16:27 of 1st period - Stopped by Jonas Gustavsson without a rebound.
16:28 of 1st period - Vernon Fiddler wins face-off versus Darren Helm in Senators zone.
16:43 of 1st period - Slapshot by Michal Grosek.
16:43 of 1st period - Shot Misses the Net.
17:28 of 1st period - Wrist shot by David Laliberté.
17:28 of 1st period - Shot Misses the Net.
17:38 of 1st period - Snap shot by Nikita Alexeev.
17:38 of 1st period - Shot Misses the Net.
17:40 of 1st period - Slapshot by Vernon Fiddler.
17:40 of 1st period - Goal by Vernon Fiddler - Demolitions : 1 - Senators : 2.
17:41 of 1st period - Vernon Fiddler wins face-off versus Darren Helm in neutral zone.
18:30 of 1st period - Snap shot by Matt Frattin.
18:30 of 1st period - Shot Misses the Net.
18:32 of 1st period - Wrist shot by Matt Frattin.
18:32 of 1st period - Stopped by Ray Emery with a rebound.
19:27 of 1st period - Snap shot by Nigel Dawes.
19:27 of 1st period - Deflect By Steven Goertzen.
19:27 of 1st period - Goal by Nigel Dawes - Demolitions : 2 - Senators : 2.
19:28 of 1st period - Darren Helm wins face-off versus Vernon Fiddler in neutral zone.
19:31 of 1st period - Erik Karlsson is hit by Cameron Schilling and loses puck.
19:42 of 1st period - Backhand shot by Darren Helm.
19:42 of 1st period - Stopped by Jonas Gustavsson with a rebound.
19:44 of 1st period - Slapshot by Cameron Schilling.
19:44 of 1st period - Deflect By Darren Helm.
19:44 of 1st period - Stopped by Jonas Gustavsson with a rebound.
Goals for this period are 2 for Demolitions vs 2 for Senators.
Shots for this period are 14 for Demolitions vs 9 for Senators.
2nd period
0:01 of 2nd period - Darren Helm wins face-off versus Vernon Fiddler in neutral zone.
0:04 of 2nd period - Slapshot by Ryan Vesce.
0:04 of 2nd period - Stopped by Jonas Gustavsson with a rebound.
0:06 of 2nd period - Backhand shot by Darren Helm.
0:06 of 2nd period - Stopped by Jonas Gustavsson with a rebound.
0:08 of 2nd period - Slapshot by Anton Babchuk.
0:08 of 2nd period - Shot Misses the Net.
0:10 of 2nd period - Slapshot by Anton Babchuk.
0:10 of 2nd period - Shot Blocked by Milan Jurcina.
0:12 of 2nd period - Snap shot by Anton Babchuk.
0:12 of 2nd period - Deflect By Erik Karlsson.
0:12 of 2nd period - Stopped by Jonas Gustavsson with a rebound.
1:13 of 2nd period - Jaden Schwartz is hit by Konstantin Pushkarev and loses puck.
2:20 of 2nd period - Darren Helm is hit by Gabriel Bourque and loses puck.
2:35 of 2nd period - Snap shot by Darren Helm.
2:35 of 2nd period - Stopped by Jonas Gustavsson without a rebound.
2:36 of 2nd period - Marek Zagrapan wins face-off versus Vernon Fiddler in Senators zone.
2:48 of 2nd period - Minor Penalty to Logan Stephenson for Tripping.
2:49 of 2nd period - Marek Zagrapan wins face-off versus Vernon Fiddler in Senators zone.
4:31 of 2nd period - Shane Sims is hit by David Laliberté and loses puck.
4:48 of 2nd period - Penalty to Logan Stephenson is over, Logan Stephenson is back on ice.
5:02 of 2nd period - Anton Babchuk is hit by Cody Hodgson and loses puck.
5:43 of 2nd period - Icing by Milan Jurcina.
5:44 of 2nd period - Vernon Fiddler wins face-off versus Marek Zagrapan in Senators zone.
5:44 of 2nd period - Vernon Fiddler is hit by Marek Zagrapan.
6:24 of 2nd period - Icing by Billy Sweat.
6:25 of 2nd period - Cody Hodgson wins face-off versus Nicolas Blanchard in Demolitions zone.
6:26 of 2nd period - Snap shot by Sergei Kostitsyn.
6:26 of 2nd period - Stopped by Ray Emery without a rebound.
6:27 of 2nd period - Cody Hodgson wins face-off versus Darren Helm in Demolitions zone.
6:30 of 2nd period - Wrist shot by Steven Goertzen.
6:30 of 2nd period - Goal by Steven Goertzen - Demolitions : 2 - Senators : 3.
6:31 of 2nd period - Darren Helm wins face-off versus Vernon Fiddler in neutral zone.
7:27 of 2nd period - Cameron Schilling is hit by Shane Sims and loses puck.
8:02 of 2nd period - Shane Sims is hit by Seth Helgeson and loses puck.
8:07 of 2nd period - Snap shot by Konstantin Pushkarev.
8:07 of 2nd period - Stopped by Jonas Gustavsson without a rebound.
8:08 of 2nd period - Marek Zagrapan wins face-off versus Vernon Fiddler in Senators zone.
8:09 of 2nd period - Backhand shot by Nigel Dawes.
8:09 of 2nd period - Stopped by Jonas Gustavsson with a rebound.
8:11 of 2nd period - Slapshot by David Rundblad.
8:11 of 2nd period - Stopped by Jonas Gustavsson with a rebound.
8:13 of 2nd period - Wrist shot by Matt D'Agostini.
8:13 of 2nd period - Stopped by Jonas Gustavsson with a rebound.
8:15 of 2nd period - Slapshot by Anssi Salmela.
8:15 of 2nd period - Stopped by Jonas Gustavsson with a rebound.
8:17 of 2nd period - Slapshot by Anssi Salmela.
8:17 of 2nd period - Stopped by Jonas Gustavsson without a rebound.
8:18 of 2nd period - Vernon Fiddler wins face-off versus Marek Zagrapan in Senators zone.
8:26 of 2nd period - Minor Penalty to Anssi Salmela for Hooking.
8:27 of 2nd period - Vernon Fiddler wins face-off versus Bobby Butler in Demolitions zone.
8:32 of 2nd period - Snap shot by Michal Grosek.
8:32 of 2nd period - Shot Blocked by Anton Babchuk.
8:34 of 2nd period - Snap shot by Michal Grosek.
8:34 of 2nd period - Shot Misses the Net.
8:36 of 2nd period - Slapshot by Milan Jurcina.
8:36 of 2nd period - Deflect By Vernon Fiddler.
8:36 of 2nd period - Shot Misses the Net.
8:36 of 2nd period - Puck is out of play.
8:37 of 2nd period - Bobby Butler wins face-off versus Vernon Fiddler in Demolitions zone.
8:45 of 2nd period - Off-side.
8:46 of 2nd period - Bobby Butler wins face-off versus Vernon Fiddler in neutral zone.
9:11 of 2nd period - Cameron Schilling is hit by Milan Jurcina and loses puck.
10:26 of 2nd period - Penalty to Anssi Salmela is over, Anssi Salmela is back on ice.
12:24 of 2nd period - Icing by Cody Hodgson.
12:25 of 2nd period - Nicolas Blanchard wins face-off versus Cody Hodgson in Senators zone.
12:47 of 2nd period - Nikita Alexeev is hit by Anton Babchuk and loses puck.
12:54 of 2nd period - Slapshot by Billy Sweat.
12:54 of 2nd period - Shot Misses the Net.
13:05 of 2nd period - Off-side.
13:06 of 2nd period - Cody Hodgson wins face-off versus Darren Helm in neutral zone.
13:11 of 2nd period - Wrist shot by Steven Goertzen.
13:11 of 2nd period - Stopped by Ray Emery with a rebound.
13:13 of 2nd period - Snap shot by Logan Stephenson.
13:13 of 2nd period - Shot Blocked by Ryan Vesce.
13:17 of 2nd period - Wrist shot by Sergei Kostitsyn.
13:17 of 2nd period - Deflect By Cody Hodgson.
13:17 of 2nd period - Stopped by Ray Emery with a rebound.
13:19 of 2nd period - Slapshot by Logan Stephenson.
13:19 of 2nd period - Goal by Logan Stephenson - Demolitions : 2 - Senators : 4.
13:19 of 2nd period - Brent Krahn enters game.
13:20 of 2nd period - Darren Helm wins face-off versus Vernon Fiddler in neutral zone.
13:22 of 2nd period - Minor Penalty to Darren Helm for Elbowing.
13:23 of 2nd period - Bobby Butler wins face-off versus Vernon Fiddler in Demolitions zone.
13:37 of 2nd period - Snap shot by Milan Jurcina.
13:37 of 2nd period - Deflect By Vernon Fiddler.
13:37 of 2nd period - Shot Blocked by Cameron Schilling.
13:37 of 2nd period - Puck is out of play.
13:38 of 2nd period - Vernon Fiddler wins face-off versus Bobby Butler in Demolitions zone.
14:05 of 2nd period - Nigel Dawes is hit by Cody Hodgson and loses puck.
15:22 of 2nd period - Penalty to Darren Helm is over, Darren Helm is back on ice.
15:30 of 2nd period - Corban Knight is hit by Gabriel Bourque and loses puck.
15:41 of 2nd period - Wrist shot by Mark Olver.
15:41 of 2nd period - Stopped by Brent Krahn with a rebound.
15:55 of 2nd period - Snap shot by Logan Stephenson.
15:55 of 2nd period - Shot Blocked by Anton Babchuk.
15:59 of 2nd period - Snap shot by Matt Frattin.
15:59 of 2nd period - Shot Misses the Net.
16:01 of 2nd period - Wrist shot by Nick Bjugstad.
16:01 of 2nd period - Shot Misses the Net.
16:17 of 2nd period - Snap shot by Nicolas Blanchard.
16:17 of 2nd period - Deflect By Billy Sweat.
16:17 of 2nd period - Stopped by Jonas Gustavsson with a rebound.
16:34 of 2nd period - Slapshot by Logan Stephenson.
16:34 of 2nd period - Shot Blocked by Andrew Campbell.
16:42 of 2nd period - Minor Penalty to Matt D'Agostini for Boarding.
16:43 of 2nd period - Bobby Butler wins face-off versus Vernon Fiddler in Demolitions zone.
17:35 of 2nd period - Minor Penalty to Michal Grosek for Cross-checking.
17:36 of 2nd period - Vernon Fiddler wins face-off versus Bobby Butler in Senators zone.
17:40 of 2nd period - Off-side.
17:41 of 2nd period - Bobby Butler wins face-off versus Vernon Fiddler in neutral zone.
17:47 of 2nd period - Icing by Erik Karlsson.
17:48 of 2nd period - Vernon Fiddler wins face-off versus Bobby Butler in Senators zone.
18:10 of 2nd period - Wrist shot by Nikita Alexeev.
18:10 of 2nd period - Shot Misses the Net.
18:12 of 2nd period - Snap shot by Erik Karlsson.
18:12 of 2nd period - Shot Misses the Net.
18:14 of 2nd period - Snap shot by Vernon Fiddler.
18:14 of 2nd period - Stopped by Brent Krahn with a rebound.
18:16 of 2nd period - Slapshot by Milan Jurcina.
18:16 of 2nd period - Shot Blocked by Anton Babchuk.
18:18 of 2nd period - Wrist shot by Milan Jurcina.
18:18 of 2nd period - Goal by Milan Jurcina - Demolitions : 2 - Senators : 5.
18:19 of 2nd period - Bobby Butler wins face-off versus Nikita Alexeev in neutral zone.
18:22 of 2nd period - Slapshot by Anton Babchuk.
18:22 of 2nd period - Deflect By Ryan Vesce.
18:22 of 2nd period - Shot Blocked by Nikita Alexeev.
18:22 of 2nd period - Puck is out of play.
18:23 of 2nd period - Bobby Butler wins face-off versus Vernon Fiddler in Senators zone.
18:32 of 2nd period - Ryan Vesce is hit by Milan Jurcina and loses puck.
18:41 of 2nd period - Vernon Fiddler is hit by Bobby Butler and loses puck.
18:42 of 2nd period - Penalty to Matt D'Agostini is over, Matt D'Agostini is back on ice.
18:55 of 2nd period - Slapshot by Bobby Butler.
18:55 of 2nd period - Stopped by Jonas Gustavsson with a rebound.
19:15 of 2nd period - Slapshot by Cameron Schilling.
19:15 of 2nd period - Stopped by Jonas Gustavsson without a rebound.
19:16 of 2nd period - Vernon Fiddler wins face-off versus Marek Zagrapan in Senators zone.
19:35 of 2nd period - Penalty to Michal Grosek is over, Michal Grosek is back on ice.
19:46 of 2nd period - Off-side.
19:47 of 2nd period - Mark Olver wins face-off versus David Laliberté in neutral zone.
19:54 of 2nd period - Slapshot by Mark Olver.
19:54 of 2nd period - Stopped by Brent Krahn without a rebound.
19:55 of 2nd period - Darren Helm wins face-off versus Vernon Fiddler in Demolitions zone.
Goals for this period are 0 for Demolitions vs 3 for Senators.
Shots for this period are 13 for Demolitions vs 9 for Senators.
3rd period
0:01 of 3rd period - Vernon Fiddler wins face-off versus Darren Helm in neutral zone.
0:04 of 3rd period - Backhand shot by Michal Grosek.
0:04 of 3rd period - Stopped by Brent Krahn without a rebound.
0:05 of 3rd period - Vernon Fiddler wins face-off versus Darren Helm in Demolitions zone.
0:27 of 3rd period - Minor Penalty to Milan Jurcina for Interference.
0:28 of 3rd period - Darren Helm wins face-off versus Vernon Fiddler in Senators zone.
0:53 of 3rd period - Nikita Alexeev is hit by Anton Babchuk and loses puck.
0:58 of 3rd period - Snap shot by Nigel Dawes.
0:58 of 3rd period - Deflect By Matt D'Agostini.
0:58 of 3rd period - Shot Blocked by Martin Marincin.
0:58 of 3rd period - Puck is out of play.
0:59 of 3rd period - Nikita Alexeev wins face-off versus Darren Helm in Senators zone.
1:08 of 3rd period - Martin Marincin is hit by Darren Helm and loses puck.
1:23 of 3rd period - Nigel Dawes is hit by Sergei Kostitsyn and loses puck.
1:32 of 3rd period - Slapshot by Anssi Salmela.
1:32 of 3rd period - Shot Blocked by Martin Marincin.
2:03 of 3rd period - Icing by Darren Helm.
2:04 of 3rd period - Darren Helm wins face-off versus Michal Grosek in Demolitions zone.
2:09 of 3rd period - Snap shot by Michal Grosek.
2:09 of 3rd period - Goal by Michal Grosek - Demolitions : 2 - Senators : 6.
2:10 of 3rd period - Darren Helm wins face-off versus Vernon Fiddler in neutral zone.
2:27 of 3rd period - Penalty to Milan Jurcina is over, Milan Jurcina is back on ice.
2:29 of 3rd period - Milan Jurcina is hit by Ryan Vesce and loses puck.
2:40 of 3rd period - Cameron Schilling is hit by Erik Karlsson and loses puck.
3:03 of 3rd period - Snap shot by Gabriel Bourque.
3:03 of 3rd period - Shot Blocked by Anssi Salmela.
3:36 of 3rd period - Icing by Anssi Salmela.
3:37 of 3rd period - Corban Knight wins face-off versus Vernon Fiddler in Demolitions zone.
3:48 of 3rd period - Wrist shot by Vernon Fiddler.
3:48 of 3rd period - Shot Blocked by Ryan Vesce.
4:52 of 3rd period - Minor Penalty to Anton Babchuk for Holding.
4:53 of 3rd period - Vernon Fiddler wins face-off versus Bobby Butler in Demolitions zone.
5:52 of 3rd period - Minor Penalty to Steven Goertzen for Slashing.
5:53 of 3rd period - Vernon Fiddler wins face-off versus Bobby Butler in Senators zone.
5:58 of 3rd period - Slapshot by Vernon Fiddler.
5:58 of 3rd period - Stopped by Brent Krahn without a rebound.
5:59 of 3rd period - Bobby Butler wins face-off versus Vernon Fiddler in Demolitions zone.
6:36 of 3rd period - Slapshot by Cameron Schilling.
6:36 of 3rd period - Shot Misses the Net.
6:44 of 3rd period - Snap shot by Michal Grosek.
6:44 of 3rd period - Stopped by Brent Krahn with a rebound.
6:46 of 3rd period - Slapshot by Shane Sims.
6:46 of 3rd period - Stopped by Brent Krahn with a rebound.
6:52 of 3rd period - Penalty to Anton Babchuk is over, Anton Babchuk is back on ice.
7:00 of 3rd period - Logan Stephenson is hit by Ryan Vesce and loses puck.
7:15 of 3rd period - Slapshot by Bobby Butler.
7:15 of 3rd period - Deflect By Anton Babchuk.
7:15 of 3rd period - Shot Blocked by Vernon Fiddler.
7:15 of 3rd period - Puck is out of play.
7:16 of 3rd period - Marek Zagrapan wins face-off versus Michal Grosek in Senators zone.
7:52 of 3rd period - Penalty to Steven Goertzen is over, Steven Goertzen is back on ice.
8:07 of 3rd period - Minor Penalty to Nicolas Blanchard for Interference.
8:08 of 3rd period - Bobby Butler wins face-off versus Cody Hodgson in Demolitions zone.
8:08 of 3rd period - Bobby Butler is hit by Cody Hodgson.
8:33 of 3rd period - Anton Babchuk is hit by Nikita Alexeev.
8:37 of 3rd period - Snap shot by Nikita Alexeev.
8:37 of 3rd period - Stopped by Brent Krahn without a rebound.
8:38 of 3rd period - Nigel Dawes wins face-off versus Vernon Fiddler in Demolitions zone.
8:59 of 3rd period - Backhand shot by Nikita Alexeev.
8:59 of 3rd period - Stopped by Brent Krahn with a rebound.
9:01 of 3rd period - Snap shot by Erik Karlsson.
9:01 of 3rd period - Shot Blocked by Anssi Salmela.
9:07 of 3rd period - Snap shot by Vernon Fiddler.
9:07 of 3rd period - Shot Misses the Net.
9:23 of 3rd period - Snap shot by Nikita Alexeev.
9:23 of 3rd period - Deflect By Vernon Fiddler.
9:23 of 3rd period - Goal by Vernon Fiddler - Demolitions : 2 - Senators : 7.
9:24 of 3rd period - Darren Helm wins face-off versus Cody Hodgson in neutral zone.
9:33 of 3rd period - Snap shot by Darren Helm.
9:33 of 3rd period - Shot Misses the Net.
9:35 of 3rd period - Slapshot by Bobby Butler.
9:35 of 3rd period - Stopped by Jonas Gustavsson without a rebound.
9:36 of 3rd period - Vernon Fiddler wins face-off versus Bobby Butler in Senators zone.
9:47 of 3rd period - Wrist shot by Nikita Alexeev.
9:47 of 3rd period - Stopped by Brent Krahn without a rebound.
9:48 of 3rd period - Darren Helm wins face-off versus Vernon Fiddler in Demolitions zone.
10:44 of 3rd period - Wrist shot by Billy Sweat.
10:44 of 3rd period - Stopped by Jonas Gustavsson with a rebound.
11:39 of 3rd period - Wrist shot by Cody Hodgson.
11:39 of 3rd period - Shot Blocked by Nigel Dawes.
11:55 of 3rd period - Nicolas Blanchard is hit by Gabriel Bourque and loses puck.
13:06 of 3rd period - Snap shot by Cody Hodgson.
13:06 of 3rd period - Stopped by Brent Krahn without a rebound.
13:07 of 3rd period - Vernon Fiddler wins face-off versus Darren Helm in Demolitions zone.
13:58 of 3rd period - Matt Frattin is hit by Anton Babchuk and loses puck.
14:37 of 3rd period - Snap shot by Steven Goertzen.
14:37 of 3rd period - Stopped by Brent Krahn without a rebound.
14:38 of 3rd period - Nicolas Blanchard wins face-off versus Cody Hodgson in Demolitions zone.
15:27 of 3rd period - Wrist shot by Jack Skille.
15:27 of 3rd period - Shot Blocked by Andrew Campbell.
15:31 of 3rd period - Wrist shot by Gabriel Bourque.
15:31 of 3rd period - Deflect By Mark Olver.
15:31 of 3rd period - Shot Misses the Net.
15:31 of 3rd period - Puck is out of play.
15:32 of 3rd period - Darren Helm wins face-off versus Vernon Fiddler in Demolitions zone.
15:39 of 3rd period - Wrist shot by Ryan Vesce.
15:39 of 3rd period - Shot Misses the Net.
15:41 of 3rd period - Minor Penalty to Martin Marincin for Tripping.
15:42 of 3rd period - Darren Helm wins face-off versus Vernon Fiddler in Senators zone.
15:43 of 3rd period - Snap shot by Ryan Vesce.
15:43 of 3rd period - Stopped by Jonas Gustavsson without a rebound.
15:44 of 3rd period - Vernon Fiddler wins face-off versus Darren Helm in Senators zone.
16:17 of 3rd period - Slapshot by Anton Babchuk.
16:17 of 3rd period - Shot Blocked by Michal Grosek.
16:19 of 3rd period - Minor Penalty to Logan Stephenson for Hooking.
16:20 of 3rd period - Vernon Fiddler wins face-off versus Darren Helm in Senators zone.
17:19 of 3rd period - Snap shot by Ryan Vesce.
17:19 of 3rd period - Shot Blocked by Patrick Wey.
17:21 of 3rd period - Slapshot by David Rundblad.
17:21 of 3rd period - Shot Blocked by Shane Sims.
17:41 of 3rd period - Penalty to Martin Marincin is over, Martin Marincin is back on ice.
17:43 of 3rd period - Snap shot by Vernon Fiddler.
17:43 of 3rd period - Goal by Vernon Fiddler - Demolitions : 2 - Senators : 8.
17:44 of 3rd period - Marek Zagrapan wins face-off versus Vernon Fiddler in neutral zone.
17:51 of 3rd period - Slapshot by Anton Babchuk.
17:51 of 3rd period - Stopped by Jonas Gustavsson without a rebound.
17:52 of 3rd period - Marek Zagrapan wins face-off versus Vernon Fiddler in Senators zone.
18:19 of 3rd period - Penalty to Logan Stephenson is over, Logan Stephenson is back on ice.
18:22 of 3rd period - Icing by Nikita Alexeev.
18:23 of 3rd period - Bobby Butler wins face-off versus Vernon Fiddler in Senators zone.
18:34 of 3rd period - Wrist shot by Nikita Alexeev.
18:34 of 3rd period - Stopped by Brent Krahn with a rebound.
19:01 of 3rd period - Snap shot by Nicolas Blanchard.
19:01 of 3rd period - Stopped by Jonas Gustavsson without a rebound.
19:02 of 3rd period - Cody Hodgson wins face-off versus Marek Zagrapan in Senators zone.
19:16 of 3rd period - Snap shot by Matt D'Agostini.
19:16 of 3rd period - Stopped by Jonas Gustavsson without a rebound.
19:17 of 3rd period - Cody Hodgson wins face-off versus Darren Helm in Senators zone.
19:42 of 3rd period - Cameron Schilling is hit by Milan Jurcina and loses puck.
Goals for this period are 0 for Demolitions vs 3 for Senators.
Shots for this period are 6 for Demolitions vs 13 for Senators.
Back to the Top